[Event "ICC tourney 3107 (30 10)"]
[Site "Internet Chess Club"]
[Date "2023.01.21"]
[Round "4"]
[White "YAN, RUIYANG:jy2020"]
[Black "LIANG, YU-CHENG:Yucheng"]
[Result "1/2-1/2"]
[ICCResult "Black stalemated"]
[WhiteElo "2227"]
[BlackElo "2095"]
[Opening "Caro-Kann: two knights variation"]
[ECO "B10"]
[NIC "CK.01"]
[Time "18:00:28"]
[PlyCount "229"]
[TimeControl "1800+10"]

1. e4 c6 2. Nf3 d5 3. Nc3 dxe4 4. Nxe4 Nf6 5. Qe2 Bf5 6. Nxf6+ gxf6 7. d3
Nd7 8. g3 Ne5 9. Nxe5 Qa5+ 10. Bd2 Qxe5 11. Qxe5 fxe5 12. Bg2 h5 13. h4 Bh6
14. Bc3 f6 15. O-O Kf7 16. b4 Be6 17. a4 Bd5 18. Rfe1 Bxg2 19. Kxg2 Rac8 20.
Re4 c5 21. b5 Rc7 22. Rc4 Rhc8 23. Rb1 b6 24. a5 bxa5 25. Bxa5 Rb7 26. c3
Ke6 27. Kf3 Kd6 28. Ra4 Rcb8 29. c4 a6 30. b6 Kc6 31. Ke4 e6 32. f4 Rd7 33.
fxe5 f5+ 34. Kf3 Rxd3+ 35. Kf2 f4 36. gxf4 Bxf4 37. Rg1 Rf8 38. Rg6 Bxe5+
39. Ke2 Rd6 40. Ra3 Rf4 41. Re3 Bf6 42. Rh6 Bxh4 43. Rb3 Rf2+ 44. Ke3 Rf7
45. Rxh5 Bf2+ 46. Ke2 Bd4 47. Rf3 Rxf3 48. Kxf3 Rd7 49. Rh6 Kd6 50. Ke4 Rf7
51. Rg6 Rh7 52. Rg8 Kc6 53. Re8 e5 54. Re6+ Kb7 55. Rd6 Re7 56. Bd2 a5 57.
Bxa5 Ka6 58. Be1 Rb7 59. Bg3 Rxb6 60. Rd8 Rb3 61. Bh4 Kb7 62. Kd5 Rb6 63.
Be7 Kc7 64. Rh8 Ra6 65. Rh7 Kc8 66. Bd6 e4 67. Bf4 e3 68. Re7 Kd8 69. Bg5
Kc8 70. Bxe3 Kd8 71. Re4 Kd7 72. Bxd4 cxd4 73. Kxd4 Ra5 74. Re1 Rh5 75. Rg1
Kc6 76. Rg6+ Kc7 77. Kc3 Rh1 78. Kb4 Rh2 79. Kb5 Rb2+ 80. Kc5 Rh2 81. Rg7+
Kc8 82. Rg6 Kc7 83. Rc6+ Kb7 84. Rf6 Kc7 85. Rf7+ Kc8 86. Rf6 Kc7 87. Rc6+
Kb7 88. Re6 Kc7 89. Re7+ Kd8 90. Rg7 Kc8 91. Kb5 Rh5+ 92. Kc6 Rh6+ 93. Kd5
Rh5+ 94. Kc6 Rh6+ 95. Kb5 Rh5+ 96. c5 Rh6 97. Rf7 Rg6 98. Rh7 Kb8 99. c6 Rg1
100. Kc5 Kc8 101. Rh8+ Kc7 102. Rh7+ Kc8 103. Rh5 Rc1+ 104. Kd6 Rd1+ 105.
Rd5 Rxd5+ 106. Kxd5 Kc7 107. Kc5 Kc8 108. Kd6 Kd8 109. Ke6 Kc7 110. Kd5 Kc8
111. Kc5 Kc7 112. Kb5 Kc8 113. Kb6 Kb8 114. c7+ Kc8 115. Kc6 {Black
stalemated} 1/2-1/2

[Event "ICC tourney 3107 (30 10)"]
[Site "Internet Chess Club"]
[Date "2023.01.21"]
[Round "5"]
[White "Belous, Vladimir:Openyagami"]
[Black "HEBDEN, MARK L:mhebden"]
[Result "0-1"]
[ICCResult "White resigns"]
[WhiteElo "2562"]
[BlackElo "2529"]
[Opening "King's Indian: Petrosian system"]
[ECO "E92"]
[NIC "KI.17"]
[Time "20:00:25"]
[PlyCount "72"]
[TimeControl "1800+10"]

1. c4 Nf6 2. Nc3 g6 3. e4 d6 4. d4 Bg7 5. Nf3 O-O 6. Be2 e5 7. d5 Na6 8. Bg5
h6 9. Bh4 g5 10. Bg3 Nh5 11. O-O f5 12. exf5 Bxf5 13. a3 Nc5 14. b4 e4 15.
Nd4 Nxg3 16. hxg3 Bxd4 17. Qxd4 Nb3 18. Qe3 Nxa1 19. Rxa1 Qf6 20. Rc1 a6 21.
c5 Rae8 22. c6 bxc6 23. dxc6 Bc8 24. Nd5 Qg7 25. a4 Re5 26. Bc4 Be6 27. Qd4
Rxd5 28. Qxe4 Re5 29. Bxe6+ Kh8 30. Qc4 Qf6 31. Bd5 Qxf2+ 32. Kh2 h5 33. b5
axb5 34. axb5 h4 35. Rc3 Kg7 36. Kh3 hxg3 {White resigns} 0-1

[Event "ICC tourney 3107 (30 10)"]
[Site "Internet Chess Club"]
[Date "2023.01.21"]
[Round "5"]
[White "Gaw, Chloe:HarleyQueen8"]
[Black "YAN, RUIYANG:jy2020"]
[Result "0-1"]
[ICCResult "White resigns"]
[WhiteElo "2035"]
[BlackElo "2227"]
[Opening "Nimzo-Indian: 4.e3, Botvinnik system"]
[ECO "E49"]
[NIC "NI.08"]
[Time "20:00:12"]
[PlyCount "86"]
[TimeControl "1800+10"]

1. d4 Nf6 2. c4 e6 3. Nc3 Bb4 4. e3 O-O 5. Bd3 d5 6. a3 Bxc3+ 7. bxc3 dxc4
8. Bxc4 c5 9. Ne2 Qc7 10. Bd3 b6 11. O-O Bb7 12. f3 Nc6 13. e4 Rfd8 14. Be3
Rac8 15. Rc1 h6 16. Qd2 Qe7 17. e5 Nd5 18. f4 Na5 19. Bc2 cxd4 20. Bxd4 Ba6
21. Rf3 Qxa3 22. Rd1 Nb3 23. c4 Nxd2 24. Rxa3 Bxc4 25. Rxd2 Bxe2 26. Rxa7
Nxf4 27. g3 Nh3+ 28. Kg2 Bg4 29. Bd1 h5 30. Rb7 Rc4 31. Be3 Rxd2+ 32. Bxd2
Bxd1 33. Kxh3 Rc2 34. Be3 Bg4+ 35. Kh4 f6 36. exf6 gxf6 37. Bg1 Rg2 38. Rb8+
Kh7 39. Rxb6 Rxg1 40. h3 Kg6 41. Rb2 Bf5 42. g4 Bxg4 43. Rg2 Rxg2
{White resigns}
0-1